 Dungeon Sprint DCSS version 0.28-a0-1594-ga885d4b3d6 (webtiles) character file.

Game seed: 13470436530133387362

25 innerfire433 the Skirmisher (level 2, -3/26 HPs)
             Began as a Demonspawn Chaos Knight on Jan 20, 2022.
             Was a Plaything of Xom.
             Slain by an ogre (13 damage)
             ... in the Dungeon (Sprint I: "Red Sonja").
             The game lasted 00:00:30 (37 turns).

innerfire433 the Skirmisher (Demonspawn Chaos Knight) Turns: 37, Time: 00:00:30

Health: -3/26      AC:  5    Str: 12    XL:     2   Next: 82%
Magic:  2/2        EV: 11    Int: 13    God:    Xom [......]
Gold:   27         SH:  0    Dex: 12    Spells: 1/1 levels left

rFire   . . .      SeeInvis .   a - +0 mace (chaos)
rCold   . . .      Faith    .   (no shield)
rNeg    . . .      Spirit   .   b - +2 leather armour
rPois   .          Reflect  .   (no helmet)
rElec   .          Harm     .   (no cloak)
rCorr   .          Rampage  .   (no gloves)
Will    .....      NoTele   +   (no boots)
Stlth   +.........              (no amulet)
HPRegen 0.08/turn               (no ring)
MPRegen 0.08/turn               (no ring)

@: brilliant, on berserk cooldown, slowed, very slow
A: foul stench 1
a: Renounce Religion


You were in the Dungeon.
You worshipped Xom.
You were a very special plaything of Xom.
You visited 1 branch You collected 27 gold pieces.

Inventory:

Hand Weapons
 a - a +0 mace of chaos (weapon)
Armour
 b - a +2 leather armour (worn)
Wands
 g - a wand of charming (6)
Scrolls
 h - a scroll of blinking
Potions
 e - a potion of haste
 f - 2 potions of magic


   Skills:
 + Level 4.7 Fighting
 + Level 4.3 Maces & Flails
 + Level 2.6 Armour
 + Level 1.0 Dodging


You had one spell level left.
You didn't know any spells.
Your spell library was empty.

Dungeon Overview and Level Annotations

Branches:
Dungeon (1/1)

Altars:


Innate Abilities, Weirdness & Mutations

You may rarely emit foul miasma when damaged in melee.


Message History

Things that are here:
a +0 dagger; a +0 ring mail; the goblin corpse of Ijyb
There is an open door here.
You open the door.
Found 54 gold pieces.
There is an open door here.
You now have 27 gold pieces.
The ogre is no longer charmed.
The ogre closely misses you.
You see here 27 gold pieces.
Xom smiles on you.
You feel clever all of a sudden. The ogre misses you.
You hit the ogre.
The ogre is poisoned.
The ogre is lightly wounded.
The ogre hits you with a +0 giant club! The ogre closely misses you.
You hit the ogre but do no damage.
The ogre is lightly wounded.
The ogre misses you.
You sock the ogre!
The ogre resists with some effort.
The ogre is heavily wounded.
Xom grants you a minor favour.
You feel much better.
You are now a very special plaything of Xom.
The ogre hits you with a +0 giant club!
Ouch! That really hurt!
The ogre closely misses you.
You feel much better. The ogre closely misses you.
You hit the ogre.
The ogre suddenly seems more agile.
The ogre is severely wounded.
The ogre hits you with a +0 giant club!!
Ouch! That really hurt!
You closely miss the ogre.
The ogre is severely wounded.
The ogre hits you with a +0 giant club.
* * * LOW HITPOINT WARNING * * *
You feel better.
The ogre looks more healthy.
The ogre hits you with a +0 giant club!
Ouch! That really hurt!
You die...
Xom bursts into laughter!

##########
#<.#..'..#
#..').#..+
#..#####O#
#..# #$@#
#..# ####
#..# #⌠⌠#
####


You could see an ogre (agile).

Vanquished Creatures
  Ijyb (D)
1 creature vanquished.

Notes
Turn   | Place    | Note
-------+----------+-------------------------------------------
     0 | D        | innerfire433 the Demonspawn Chaos Knight began the quest
                  | for the Orb.
     0 | D        | Reached XP level 1. HP: 18/18 MP: 1/1
     2 | D        | Noticed Ijyb
     4 | D        | XOM: silly message
    10 | D        | Killed Ijyb
    11 | D        | Reached skill level 1 in Dodging
    11 | D        | Gained mutation: You may rarely emit foul miasma when
                  | damaged in melee. [demonic ancestry]
    11 | D        | Reached XP level 2. HP: 26/26 MP: 2/2
    15 | D        | Noticed an ogre
    30 | D        | XOM: potion effect (brilliance)
    33 | D        | XOM: potion effect (heal wounds)
    37 | D        | Slain by an ogre

Illustrated notes

Levels and vault maps discovered:
D:        dungeon_sprint_1 [red_sonja_temple_1, red_sonja_temple_small_1]

Skill      XL: |  1 |
---------------+----+-----
Fighting       | 4 |  4.7
Maces & Flails | 4 |  4.3
Armour         | 2 |  2.6
Dodging        | 1 |  1.0

Action                   || total
-------------------------++-------
Melee: Mace              ||    11
Evoke: Wand              ||     1
  Use: Potion            ||     3
Armor: Leather armour    ||     1
Dodge: Dodged            ||     8

Table legend: (Time is in decaauts)
 A = Elapsed time spent in this place.
 B = Non-inter-level travel time spent in this place.
 C = Inter-level travel time spent in this place.
 D = Time resting spent in this place.
 E = Time spent auto-exploring this place.
 F = Levels seen in this place.
 G = Mean time per level.
                   A        B        C        D        E       F      G
               +--------+--------+--------+--------+--------+-----+--------+
         Total |     47 |     47 |      0 |      0 |      0 |   1 |   47.0 |
       Dungeon |     47 |     47 |      0 |      0 |      0 |   1 |   47.0 |
               +--------+--------+--------+--------+--------+-----+--------+

Top non-repeatable levels by time:
       D: 47 daAuts
